Map: Radhuset Station LE

Players

qwerty

  • Race: Zerg Zerg
  • League: Diamond
  • Spawn Location: 1:00

SubN - Winner!

  • Race: Zerg Zerg
  • League: Diamond
  • Spawn Location: 7:00

VOD

Have the link to the VOD?

Description

Time

  • Played on: Dec. 27, 2023, 12:13 a.m.
  • Length: 8:05
Show
View Real Time Build Order
Export as new Build Order

qwerty Zerg 

Build Orders: Hatch First 

Get SALT Encoding   

  12  0:00  Drone  
  13  0:12  Overlord  
  13  0:17  Drone  
  14  0:30  Drone  
  14  0:34  Drone x2  
  17  0:52  Hatchery  
  17  0:55  Drone  
  17  0:59  Drone  
  18  1:12  Spawning Pool  
  18  1:16  Drone  
  18  1:19  Drone  
  18  1:22  Extractor  
  18  1:27  Drone  
  19  1:40  Drone  
  20  1:51  Drone  
  21  2:02  Drone  
  21  2:06  Queen  
  21  2:07  Queen  
  26  2:08  Overlord  
  26  2:10  Drone  
  26  2:14  Drone  
  28  2:27  Drone x2  
  30  2:31  Drone  
  30  2:36  Drone  
  32  2:46  Overlord  
  32  2:47  Drone  
  33  2:53  Drone  
  34  3:00  Evolution Chamber  
  34  3:03  Evolution Chamber  
  32  3:09  Roach Warren  
  31  3:17  Drone x2, Overlord  
  31  3:18  Drone x7  
  40  3:26  Drone  
  41  3:35  Drone x2  
  41  3:37  Extractor  
  41  3:39  Lair  
  41  3:40  Drone  
  43  3:46  Drone  
  44  3:55  Drone x4, Extractor  
  47  4:08  Overlord x2, Roach x2  
  47  4:09  Overlord  
  51  4:18  Zerg Missile Weapons Level 1  
  51  4:20  Drone  
  52  4:26  Roach  
  52  4:27  Overlord x2  
  54  4:40  Roach x2  
  54  4:41  Glial Reconstitution  
  58  4:52  Overlord, Roach  
  60  4:59  Roach  
  62  5:01  Roach  
  64  5:07  Burrow  
  64  5:09  Roach  
  64  5:10  Roach  
  64  5:11  Overlord  
  64  5:12  Roach  
  64  5:13  Roach  
  72  5:16  Roach  
  72  5:17  Roach  
  76  5:23  Roach x2  
  80  5:34  Overlord  
  80  5:36  Roach  
  80  5:39  Roach x4  
  90  5:46  Roach x2  
  96  5:50  Roach  
  96  5:51  Roach  
  98  6:01  Roach x2  
  102  6:07  Roach  
  102  6:08  Overlord, Roach x2  
  102  6:09  Overlord  
  108  6:12  Roach  
  108  6:15  Roach  
  112  6:19  Roach  
  112  6:23  Roach  
  114  6:29  Roach  
  114  6:32  Roach  
  116  6:47  Drone  
  116  6:48  Roach x6  
  116  6:49  Hatchery  
  128  7:02  Hatchery  
  128  7:06  Roach  
  128  7:07  Overlord x2  
  128  7:08  Overlord  
  129  7:11  Roach  
  129  7:13  Overlord x2  
  131  7:27  Roach x5  
  123  7:34  Roach  
  123  7:36  Roach  
  121  7:37  Roach x2  
  121  7:44  Roach x3  
Show
View Real Time Build Order
Export as new Build Order

SubN Zerg - Winner!

Build Orders: Hatch First 

Get SALT Encoding   

  12  0:00  Drone  
  13  0:12  Overlord  
  13  0:17  Drone  
  14  0:33  Drone  
  14  0:34  Drone  
  16  0:51  Hatchery  
  16  0:54  Drone  
  16  0:58  Drone  
  17  1:06  Drone  
  17  1:09  Extractor  
  17  1:20  Spawning Pool  
  17  1:25  Drone  
  17  1:26  Drone  
  18  1:39  Drone x2  
  20  1:56  Hatchery  
  19  2:03  Overlord  
  19  2:12  Queen  
  21  2:23  Queen  
  23  2:30  Metabolic Boost  
  23  2:34  Drone  
  23  2:36  Drone  
  25  2:39  Drone  
  25  2:41  Drone  
  27  2:45  Drone  
  27  2:49  Drone  
  29  2:55  Drone x2  
  31  2:59  Drone  
  31  3:03  Queen  
  34  3:10  Queen  
  34  3:12  Drone  
  37  3:14  Drone  
  37  3:16  Drone  
  37  3:19  Drone  
  40  3:20  Drone  
  41  3:28  Drone  
  41  3:30  Overlord x2  
  42  3:35  Overlord  
  42  3:37  Overlord  
  42  3:49  Drone x6  
  42  3:53  Drone x2  
  50  4:02  Drone  
  51  4:09  Overlord  
  51  4:13  Drone  
  51  4:15  Drone x4  
  56  4:18  Drone x4, Extractor  
  56  4:22  Extractor  
  56  4:23  Drone x4  
  62  4:29  Drone  
  63  4:34  Drone x2  
  63  4:36  Roach Warren  
  64  4:40  Evolution Chamber  
  64  4:43  Evolution Chamber  
  62  4:48  Drone x6  
  62  4:51  Extractor  
  62  4:52  Drone x4  
  71  4:53  Extractor  
  71  4:55  Extractor  
  69  5:01  Overlord x2  
  69  5:02  Overlord  
  69  5:07  Zerg Missile Weapons Level 1  
  69  5:09  Zerg Ground Armor Level 1  
  69  5:13  Drone  
  70  5:16  Drone x2  
  70  5:17  Drone x3  
  75  5:22  Lair  
  75  5:27  Overlord x2  
  75  5:31  Roach x4  
  83  5:36  Roach  
  83  5:37  Roach x2  
  83  5:41  Hatchery  
  88  5:47  Roach  
  88  5:48  Roach x5  
  100  5:54  Roach x3  
  106  5:58  Roach x4  
  106  6:02  Overlord x2  
  114  6:08  Zergling x2  
  115  6:13  Roach  
  115  6:14  Roach  
  119  6:20  Roach  
  119  6:27  Roach x5  
  119  6:31  Roach  
  119  6:32  Roach x4  
  137  6:34  Overseer  
  137  6:43  Overlord x4  
  136  6:55  Roach x3  
  136  6:59  Overlord x4  
  142  7:02  Queen  
  142  7:03  Roach  
  146  7:09  Roach x4  
  146  7:15  Roach x4  
  162  7:16  Roach  
  164  7:26  Roach x2  
  164  7:27  Roach x3  
  162  7:38  Roach x2  
  162  7:39  Roach x6  
Tags
 
Add a new tag
Caveats
  • Supply blocks, unpowered buildings, or Contaminate may cause inaccurate times.
  • Supply counts are checked every 10 seconds.